AoeStats
← PVC

Nomad

504856607Analyzed
4v4 RM · 25d ago on Sep 6, 2026· 52m 41s· 8 players
Game mode
Random Map
Map size
231×231
Population
200
Speed
Normal
Resources
Standard
Victory
Conquest
Starting age
Dark Age
Ending age
Imperial Age
RankedLock teamsTeams togetherTeam positionsShared explorationLock speedFull tech treeHidden civsTurbo modeCheats
Victory
Defeat
🇩🇪 Vikings · Germany
1267
+14
🇺🇸 Goths · United States
1205
+16
🇸🇪 Koreans · Sweden
1203
+16
1184
+17
1248
-18
🇲🇽 Aztecs · Mexico
1219
-16
🇺🇸 Koreans · United States
1199
-15
🇺🇸 Mongols · United States
1178
-14
obi1nekinobi
5:13 Loom
14:01 Feudal Age
18:40 Castle Age
16:46 Stone Mining
16:45 Double-Bit Axe
23:30 Town Watch
25:52 Wheelbarrow
26:01 Gold Mining
28:35 Hand Cart
28:21 Fletching
32:04 Bodkin Arrow
35:55 Padded Archer Armor
45:41 Ballistics
54:26 Imperial Age
Tlacaelel.MX
5:38 Loom
13:31 Feudal Age
18:05 Town Watch
18:21 Double-Bit Axe
21:45 Castle Age
20:23 Wheelbarrow
19:52 Stone Mining
20:30 Gold Mining
24:32 Fishing Lines
24:51 Fletching
30:33 Stone Shaft Mining
29:54 Gillnets
32:36 Hand Cart
34:00 Gold Shaft Mining
34:44 Scale Mail Armor
36:11 Bodkin Arrow
39:43 Bow Saw
40:31 Chain Mail Armor
40:30 Forging
41:29 Ballistics
41:37 Squires
41:22 Arson
44:02 Sanctity
44:49 Fervor
45:40 Redemption
46:33 Iron Casting
46:29 Murder Holes
46:30 Treadmill Crane
46:20 Pikeman
54:22 Imperial Age
Si me criticas te fedeo
7:29 Loom
14:43 Feudal Age
15:24 Double-Bit Axe
18:11 Horse Collar
18:24 Fishing Lines
24:10 Castle Age
22:47 Wheelbarrow
21:57 Town Watch
23:32 Fletching
24:17 Padded Archer Armor
24:52 Medium Warships
24:42 Bodkin Arrow
38:20 Gold Mining
39:28 Murder Holes
43:22 Ballistics
42:52 Heated Shot
43:36 Husbandry
43:46 Bloodlines
44:21 Scale Barding Armor
44:58 Heavy Plow
45:32 Bow Saw
47:15 Chain Barding Armor
50:20 Imperial Age
48:08 Light Cavalry
49:18 Kamandaran
49:35 Leather Archer Armor
49:10 Crossbowman
50:51 Thumb Ring
51:54 Ring Archer Armor
52:48 Two-Man Saw
52:19 Crop Rotation
Ziggy_Rot
4:54 Loom
12:35 Feudal Age
13:04 Double-Bit Axe
14:13 Town Watch
20:00 Castle Age
21:46 Bow Saw
24:28 Fletching
26:54 Bodkin Arrow
27:25 Medium Warships
33:30 Husbandry
39:12 Ballistics
47:46 Imperial Age
48:19 Scale Mail Armor
47:40 Pikeman
48:22 Squires
49:22 Elite Fire Lancer
50:50 Wheelbarrow
49:49 Pikeman
51:15 Gambesons
51:52 Chain Mail Armor
Magnificent Bastard
7:08 Loom
14:25 Feudal Age
15:06 Double-Bit Axe
15:23 Town Watch
18:53 Castle Age
17:30 Stone Mining
18:06 Forging
17:57 Scale Mail Armor
18:30 Fletching
18:53 Gold Mining
19:09 Scale Mail Armor
19:06 Fishing Lines
22:54 Horse Collar
26:59 Iron Casting
27:50 Gillnets
29:01 Chain Mail Armor
33:57 Squires
37:37 Wheelbarrow
41:32 Imperial Age
41:05 Anarchy
40:52 Pikeman
41:43 Halberdier
43:48 Elite Huskarl
47:17 Conscription
PVC
4:04 Loom
14:10 Feudal Age
15:00 Town Watch
15:04 Double-Bit Axe
15:16 Gold Mining
20:59 Fishing Lines
23:24 Castle Age
21:45 Fletching
24:24 Medium Warships
24:05 Gillnets
24:02 Crossbowman
25:16 Bodkin Arrow
26:46 Ballistics
28:27 Padded Archer Armor
33:59 Imperial Age
34:01 Arbalester
35:45 Chemistry
34:32 Horse Collar
35:09 Bow Saw
35:30 Conscription
35:26 Bracer
35:41 Leather Archer Armor
39:08 Hoardings
38:43 Capped Ram
40:36 Bogsveigar
43:01 Masonry
42:47 Murder Holes
42:44 Guard Tower
45:01 Town Patrol
45:37 Coinage
45:08 Caravan
45:39 Ring Archer Armor
45:10 Scale Mail Armor
45:21 Forging
45:25 Pikeman
46:06 Squires
45:51 Arson
47:20 Heavy Plow
49:49 Two-Man Saw
49:26 Architecture
50:21 Chieftains
52:39 Elite Berserk
52:50 Sappers
scarabe
4:03 Loom
13:06 Feudal Age
13:44 Double-Bit Axe
13:59 Town Watch
23:28 Castle Age
22:34 Fletching
28:11 Bodkin Arrow
El Monje Cleptómano de Cieza
4:44 Loom
13:12 Feudal Age
13:53 Double-Bit Axe
18:40 Castle Age
17:32 Stone Mining
20:36 Stone Shaft Mining
21:23 Bow Saw
21:04 Fishing Lines
22:50 Gillnets
25:39 Scale Barding Armor
25:45 Forging
29:40 Chain Barding Armor
35:52 Iron Casting
37:05 Wheelbarrow
40:04 Imperial Age
39:08 Hand Cart
40:07 Elite Monaspa
41:27 Bloodlines
41:18 Husbandry
42:42 Conscription
44:20 Plate Barding Armor
44:50 Blast Furnace
44:21 Guilds
51:00 Aznauri Cavalry
Connection lost

Rejoining the realm…

Still unreachable

The connection could not be restored.

Session expired

The server has moved on; the page needs a fresh start.